 Dungeon Crawl Stone Soup version 0.23.1 (webtiles) character file.

Game seed: 0

65 night the Shield-Bearer (level 4, 0/23 HPs)
             Began as a Vine Stalker Fighter on Mar 16, 2019.
             Slain by Sigmund
             ... wielding a +0 scythe
              (4 damage)
             ... on level 2 of the Dungeon.
             The game lasted 00:04:31 (1174 turns).

night the Shield-Bearer (Vine Stalker Fighter)      Turns: 1174, Time: 00:04:31

Health: 0/23       AC:  6    Str: 20    XL:     4   Next: 13%
Magic:  0/5        EV:  7    Int:  8    God:
Gold:   19         SH:  9    Dex: 13    Spells: 3/3 levels left

rFire    . . .     SeeInvis .   a - +0 rapier
rCold    . . .     Gourm    .   c - +0 shield
rNeg     . . .     Faith    .   b - +0 scale mail
rPois    .         Spirit   +   (no helmet)
rElec    .         Reflect  .   (no cloak)
rCorr    .         Harm     .   (no gloves)
MR       .....                  (no boots)
Stlth    ..........             (no amulet)
HPRegen  0.47/turn              (no ring)
MPRegen  0.09/turn              (no ring)

@: flying, hasted (expiring), very quick
A: fangs 2, regeneration 1, magic shield, antimagic bite, no potion heal 3, rot
immunity
a: no special abilities


You were on level 2 of the Dungeon.
You were not hungry.

You visited 1 branch of the dungeon, and saw 2 of its levels.

You collected 19 gold pieces.

Inventory:

Hand Weapons
 a - a +0 rapier (weapon)
 m - a +0 hunting sling
Missiles
 k - 8 tomahawks (quivered)
Armour
 b - a +0 scale mail (worn)
 c - a +0 shield (worn)
Scrolls
 e - a scroll of magic mapping {unknown}
 h - 3 scrolls of teleportation {unknown}
 j - a scroll of random uselessness {unknown}
 l - a scroll of identify {unknown}
 p - a scroll of amnesia {unknown}
 q - a scroll of immolation {unknown}
 r - a scroll of remove curse {unknown}
Potions
 d - a potion of might
 n - a potion of flight
Comestibles
 f - 3 rations
 i - 5 chunks of flesh


   Skills:
 - Level 2.6 Fighting
 * Level 3.3 Short Blades
 - Level 2.4 Armour
 + Level 3.3 Shields


You had 3 spell levels left.
You didn't know any spells.
Your spell library was empty.

Dungeon Overview and Level Annotations

Branches:
Dungeon (2/15)

Altars:

Annotations:
D:2 Sigmund


Innate Abilities, Weirdness & Mutations

You have extremely sharp teeth.
Your natural rate of healing is unusually fast.
When hurt, damage is shared between your health and your magic reserves.
Your bite disrupts and absorbs the magic of your enemies.
Potions cannot restore your health.
You are immune to rotting.


Message History

You hit something but do no damage. You block something's attack.
You miss something. You bite something. You drain its magic.
You feel invigorated.
You closely miss something. Your bite misses something.
Something hits you but does no damage.
You closely miss something. You closely miss something.
Your extra speed is starting to run out.
Something hits you but does no damage.
You closely miss something. You hit something. You bite something.
You drain its magic.
You feel invigorated. Something hits you.
* * * LOW HITPOINT WARNING * * *
You closely miss something.
Your shield and scale mail prevent you from hitting something.
Something hits you.
* * * LOW HITPOINT WARNING * * *
You hit something but do no damage. Your bite misses something.
You miss something. Something hits you.
You die...

.## #.#.. #.##{# .. #.#.#### #.
#.# ## #......# #. #.# ##
#......# .. #.#
.#+###+####......# ## #w#
.................# )# #.#
...............# ..# #.#
...............###...# #.#
.......#####...{@....# #.#
.....................# #.#
..........##...##....# #.#
..........#######....# #.########
####......#..........# #........#
# #......#....รท.....##########.#
######............#.....#######.#
.............###........#.......#
.............# #............#####


There were no monsters in sight!

Vanquished Creatures
  2 adders (D:2)
  3 oozes
  2 leopard geckos
  7 bats (D:2)
  3 giant cockroaches
  2 goblins (D:1)
  4 hobgoblins
  A quokka (D:2)
  A frilled lizard (D:1)
  6 kobolds
  2 rats (D:1)
33 creatures vanquished.

Notes
Turn   | Place    | Note
-------+----------+-------------------------------------------
     0 | D:1      | night the Vine Stalker Fighter began the quest for the Orb.
     0 | D:1      | Reached XP level 1. HP: 11/11 MP: 2/2
   195 | D:1      | Reached XP level 2. HP: 16/16 MP: 3/3
   774 | D:2      | Reached XP level 3. HP: 18/19 MP: 4/4
   917 | D:2      | Noticed Sigmund
  1105 | D:2      | Gained mutation: Your natural rate of healing is unusually
                  | fast. [Vine Stalker growth]
  1105 | D:2      | Reached XP level 4. HP: 23/23 MP: 5/5
  1174 | D:2      | Slain by Sigmund

Skill      XL: |  1  2  3 |
---------------+----------+-----
Short Blades   | 2 3 |  3.3
Shields        | 3 |  3.3
Fighting       | |  2.6
Armour         | |  2.4

Action                   |  1- 3 |  4- 6 || total
-------------------------+-------+-------++-------
Melee: Rapier            |   116 |    22 ||   138
       Bite              |    27 |     6 ||    33
  Use: Potion            |       |     3 ||     3
  Eat: Chunk             |     1 |       ||     1
Armor: Scale mail        |    71 |     4 ||    75
Dodge: Dodged            |    52 |     1 ||    53
Block: Shield            |    71 |     2 ||    73
